 Dungeon Crawl Stone Soup version 0.28.0-45-g0d030f2227 (webtiles) character file.

Game seed: 16835406589145130509

265572 CryoSword the Warrior (level 20, -2/174 HPs)
             Began as a Formicid Fighter on Apr 9, 2022.
             Was an Initiate of Gozag.
             Slain by a peacekeeper (22 damage)
             ... on level 2 of the Vaults on Apr 10, 2022.
             The game lasted 01:33:43 (52723 turns).

CryoSword the Warrior (Formicid Fighter)           Turns: 52723, Time: 01:33:44

Health: -2/174     AC: 27    Str: 28    XL:     20   Next: 90%
Magic:  27/27      EV: 11    Int: 15    God:    Gozag
Gold:   3176       SH: 21    Dex: 25    Spells: 24/28 levels left

rFire   + + .      SeeInvis +   w - +9 lajatang (spect)
rCold   + . .      Faith    .   z - +1 kite shield of Classification {Int+7 Dex+4 SInv}
rNeg    . . .      Spirit   .   N - +1 plate armour "Roetof" {rPois rC+ Will+}
rPois   +          Reflect  +   (helmet unavailable)
rElec   .          Harm     .   g - +2 cloak
rCorr   .          Rampage  .   T - +2 pair of gloves "Agri Myx" {Dex+4}
Will    +++..                   O - +1 pair of boots of Geunucs {Dex+2}
Stlth   ..........              a - amulet of reflection
HPRegen 0.39/turn               B - ring "Coum" {rPois Str-4 Dex+6 Slay+3}
MPRegen 0.20/turn               b - ring of the Sturgeon {Wiz rF++ Str+4 Dex-3 Slay+3}

@: invisible
A: permanent stasis, dig shafts and tunnels, antennae 3, four strong arms
}: 2/15 runes: barnacled, gossamer
a: Dig, Shaft Self, Renounce Religion, Potion Petition, Call Merchant, Bribe
Branch


You were on level 2 of the Vaults.
You worshipped Gozag.
Gozag was most pleased with you.
You visited 7 branches of the dungeon, and saw 34 of its levels.
You also visited: Bailey.

You collected 13202 gold pieces.
You spent 6694 gold pieces at shops.
You paid 3332 gold pieces to Gozag.

Inventory:

Hand Weapons
 h - a +9 lajatang of flaming
   (You took it off Agnes on level 14 of the Dungeon)
 s - the +12 lajatang "Conservator" {pain, rF+++ Int-2 Stlth+}
   (You acquired it on level 6 of the Lair of Beasts)

   In the hands of one skilled in necromantic magic, it inflicts extra damage on
   living creatures.
   Int:       It affects your intelligence (-2).
   rF:        It renders you almost immune to fire.
   Stlth:     It makes you more stealthy.
 w - a +9 spectral lajatang (weapon)
   (You found it on level 2 of the Dungeon)
Missiles
 e - 64 boomerangs
 E - 2 silver boomerangs
 R - 5 throwing nets
 U - 4 boomerangs of dispersal {!f}
 V - 6 javelins (quivered)
Armour
 g - a +2 cloak (worn)
   (You found it on level 1 of the Dungeon)
 z - the +1 kite shield of Classification (worn) {Int+7 Dex+4 SInv}
   (You found it on level 4 of the Shoals)

   Int:       It affects your intelligence (+7).
   Dex:       It affects your dexterity (+4).
   SInv:      It lets you see invisible.
 A - a +2 plate armour of fire resistance
   (You took it off an orc warrior on level 9 of the Dungeon)
 N - the +1 plate armour "Roetof" (worn) {rPois rC+ Will+}
   (You took it off a meliai on level 2 of the Spider Nest)

   rC:        It protects you from cold.
   rPois:     It protects you from poison.
   Will:      It increases your willpower.
 O - the +1 pair of boots of Geunucs (worn) {Dex+2}
   (You bought it in a shop on level 3 of the Shoals)

   Dex:       It affects your dexterity (+2).
 T - the +2 pair of gloves "Agri Myx" (worn) {Dex+4}
   (You bought it in a shop on level 14 of the Dungeon)

   Dex:       It affects your dexterity (+4).
Jewellery
 a - an amulet of reflection (around neck)
   (You found it on level 15 of the Dungeon)
 b - the ring of the Sturgeon (right hand) {Wiz rF++ Str+4 Dex-3 Slay+3}
   (You bought it in a shop on level 2 of the Orcish Mines)

   [ring of wizardry]

   It improves your spell success rate.
   Str:       It affects your strength (+4).
   Dex:       It affects your dexterity (-3).
   Slay:      It affects your accuracy & damage with ranged weapons and melee
   (+3).
   rF:        It greatly protects you from fire.
 f - a ring of protection from cold
   (You found it on level 1 of the Dungeon)
 m - a ring of flight
   (You found it on level 10 of the Dungeon)
 y - a ring of willpower
   (You found it in a bailey)
 B - the ring "Coum" (left hand) {rPois Str-4 Dex+6 Slay+3}
   (You bought it in a shop on level 2 of the Orcish Mines)

   [ring of poison resistance]

   Str:       It affects your strength (-4).
   Dex:       It affects your dexterity (+6).
   Slay:      It affects your accuracy & damage with ranged weapons and melee
   (+3).
   rPois:     It protects you from poison.
 L - a ring of protection from cold
   (You took it off a merfolk impaler on level 3 of the Shoals)
 M - a ring of resist corrosion
   (You found it on level 5 of the Lair of Beasts)
 Q - the amulet "Wamokolu" {Acrobat +Inv rElec rN+ rCorr}
   (You found it on level 13 of the Dungeon)

   [amulet of the acrobat]

   It increases your evasion while moving and waiting.
   rElec:     It insulates you from electricity.
   rN:        It protects you from negative energy.
   +Inv:      It lets you turn invisible.
   rCorr:     It protects you from acid and corrosion.
Wands
 k - a wand of iceblast (14)
   (You found it on level 2 of the Lair of Beasts)
 t - a wand of digging (11)
   (You bought it in a shop on level 4 of the Shoals)
 I - a wand of acid (17)
   (You found it on level 3 of the Lair of Beasts)
Scrolls
 l - 7 scrolls of magic mapping
 n - 3 scrolls of summoning
 o - a scroll of enchant armour
 v - a scroll of holy word
 x - 4 scrolls of fear
 C - 2 scrolls of silence
 H - a scroll of brand weapon
 K - 3 scrolls of fog
Potions
 c - 3 potions of magic
 d - 7 potions of might
 i - 12 potions of cancellation
 j - 11 potions of ambrosia
 q - 13 potions of curing {@q1}
 r - 4 potions of resistance
 D - 11 potions of attraction {!q}
 P - 3 potions of invisibility
 S - 5 potions of lignification {!q}
Miscellaneous
 F - a phantom mirror
   (You found it on level 11 of the Dungeon)
 G - a tin of tremorstones (2/2)
   (You found it on level 4 of the Shoals)
 W - a box of beasts
   (You found it on level 1 of the Spider Nest)
 X - a condenser vane
   (You found it on level 1 of the Spider Nest)


   Skills:
 * Level 19.4 Fighting
 + Level 17.8 Staves
 + Level 10.6 Throwing
 + Level 15.2 Armour
 - Level 5.0 Dodging
 - Level 13.6 Shields
 - Level 4.7 Spellcasting
 * Level 13.6 Necromancy
 + Level 8.5 Evocations


You had 24 spell levels left.
You knew the following spells:

 Your Spells              Type           Power      Damage    Failure   Level
a - Dispel Undead         Necr           44%        3d17      2%          4

Your spell library contained the following spells:

 Spells                   Type           Power      Damage    Failure   Level
 Animate Skeleton         Necr           88%        N/A       1%          1
 Corpse Rot               Necr/Air       46%        N/A       6%          2
 Agony                    Necr           44%        N/A       7%          5
 Anguish                  Hex/Necr       11%        N/A       36%         4
 Apportation              Tloc           6%         N/A       52%         1
 Shock                    Conj/Air       12%        1d3       52%         1
 Summon Small Mammal      Summ           12%        N/A       52%         1
 Ensorcelled Hibernation  Hex/Ice        6%         N/A       65%         2
 Passwall                 Tmut/Erth      2%         N/A       65%         2
 Poisonous Vapours        Pois/Air       6%         N/A       65%         2
 Scorch                   Fire           6%         2d5       65%         2
 Static Discharge         Conj/Air       3%         N/A       65%         2
 Call Canine Familiar     Summ           3%         N/A       86%         3
 Confusing Touch          Hex            3%         N/A       86%         3
 Dazzling Flash           Conj/Hex       6%         N/A       86%         3
 Inner Flame              Hex/Fire       3%         N/A       86%         3
 Ozocubu's Armour         Ice            3%         N/A       86%         3
 Stone Arrow              Conj/Erth      6%         3d7       86%         3
 Summon Guardian Golem    Hex/Summ       3%         N/A       86%         3
 Tukima's Dance           Hex            3%         N/A       86%         3
 Airstrike                Air            1%         N/A       99%         4
 Flame Wave               Conj/Fire      3%         2d4       99%         4
 Hailstorm                Conj/Ice       3%         3d3       99%         4
 Passage of Golubria      Tloc           3%         N/A       99%         4
 Petrify                  Tmut/Erth      3%         N/A       99%         4
 Sticky Flame             Conj/Fire      3%         2d3       99%         4
 Metabolic Englaciation   Hex/Ice        1%         N/A       100%        5
 Silence                  Hex/Air        1%         N/A       100%        5
 Yara's Violent Unravell  Hex/Tmut       1%         3d3       100%        5
 Iron Shot                Conj/Erth      1%         9d1       100%        6
 Statue Form              Tmut/Erth      2%         N/A       100%        6
 Summon Cactus Giant      Summ           1%         N/A       100%        6
 Enfeeble                 Hex            1%         N/A       100%        7
 Ozocubu's Refrigeration  Ice            1%         4d5       100%        7
 Lehudib's Crystal Spear  Conj/Erth      1%         10d2      100%        8
 Swiftness                Air            Unusable   N/A       N/A         3

Dungeon Overview and Level Annotations

Branches:
Dungeon (15/15)            Temple (1/1) D:5            Lair (6/6) D:8
 Shoals (4/4) Lair:2       Spider (4/4) Lair:4        Slime (0/5) Lair:6
    Orc (2/2) D:10            Elf (0/3) Orc:2        Vaults (2/5) D:13
 Depths (0/4) D:15         Bailey (visited)
  Crypt: Vaults:2-3

Altars:
Ashenzari
Cheibriados
Dithmenos
Elyvilon
Fedhas
Gozag
Hepliaklqana
Kikubaaqudgha
Makhleb
Nemelex Xobeh
Okawaru
Qazlal
Ru
Sif Muna
Trog
Uskayaw
Vehumet
Wu Jian
Xom
Yredelemnul
Zin
The Shining One
Beogh
Jiyva

Shops:
D:4 ?   D:9 ?   D:14 **   Orc:2 (*[=*=   Shoals:3 [   Shoals:4 !:(*=
Vaults:1 [!

Portals:
Trove: D:14 (give +6 demon blade)

Annotations:
Shoals:2 1 runed translucent door, Zipteul's ghost, adept NaBe
Shoals:4 Mara
Spider:3 2 transporters, Mitsuki's ghost, adept DECj
Vaults:5 !V5


Innate Abilities, Weirdness & Mutations

You cannot be hasted, slowed, berserked, paralysed or teleported.
You can dig through walls and to a lower floor.
You have a pair of large antennae on your head. (SInv)
Your four strong arms can wield two-handed weapons with a shield.


Message History

The spellforged servitor points at you and mumbles some strange words.
The bolt of cold hits you!! You resist. You block Frederick's attack.
You barely miss the spellforged servitor.
Your +9 spectral lajatang hits the spellforged servitor!!
Frederick hits you but does no damage.
You slash the spellforged servitor!
Your +9 spectral lajatang closely misses the spellforged servitor.
Frederick hits you with a +5 glaive.
You slice the spellforged servitor!!
You destroy the spellforged servitor!
The spellforged servitor disappears in a puff of smoke!
Frederick points at you and mumbles some strange words.
The lance of force hits you!!
You are knocked back by the lance of force.
You slam into the stone wall!
You slice Frederick!!
Your +9 spectral lajatang hits Frederick!!
Frederick casts a spell.
Frederick summons a servant imbued with his destructive magic!
You slash Frederick!
Your +9 spectral lajatang hits Frederick!
You barely miss Frederick.
Your +9 spectral lajatang hits Frederick!!
Frederick hits you but does no damage.
You open Frederick like a pillowcase!!!
Your +9 spectral lajatang hits Frederick!!
Frederick casts a spell at your +9 spectral lajatang.
The lance of force hits your +9 spectral lajatang!
Your spectral weapon shares its damage with you!
Your +9 spectral lajatang is knocked back by the lance of force.
You chop Frederick into pieces!!!
You kill Frederick!
The spellforged servitor disappears in a puff of smoke!
You now have 3176 gold pieces (gained 7).
Things that are here:
a +5 glaive; a +0 chain mail of positive energy; a potion of brilliance
There is a stone staircase leading up here.
You climb upwards.
There is a stone staircase leading down here.
You start resting.
You climb downwards.
There is a stone staircase leading up here.
There is an open door here.
You sense a monster nearby.
You sense a monster nearby.
Could not explore, unopened door.
Could not explore, unopened door.
You open the large door.
An ironbound convoker comes into view. It is wielding a +0 great mace.
The ironbound convoker shouts!
The ironbound convoker begins to recite a word of recall!
A slime creature and a war gargoyle come into view.
The slime creature quivers.
A peacekeeper comes into view.
There is a large open door here.
Found 3 gold pieces.
You block the war gargoyle's attack.
The war gargoyle launches metal splinters at you.
The spray of metal splinters hits you.
You barely miss the war gargoyle.
Your +9 spectral lajatang hits the war gargoyle!
The vault warden is recalled.
The yaktaur is recalled.
The vault warden is recalled.
The peacekeeper hurls a volley of spikes at you.
The volley of spikes hits your +9 spectral lajatang but does no damage.
The war gargoyle hits you with a +0 dire flail!!
A vault warden comes into view.
It is wielding a +1 antimagic great mace.
The yaktaur wields an arbalest.
The yaktaur shoots a bolt.
The bolt hits you! You block the vault warden's attack.
A vault warden and a yaktaur come into view.
You chop the war gargoyle into pieces!!!
You destroy the war gargoyle!
You block the peacekeeper's attack. x2
The vault warden activates a sealing rune.
The vault warden hits you with a +0 great mace!!
You closely miss the vault warden. You block the peacekeeper's attack.
The peacekeeper claws you but does no damage.
You slash the vault warden! You block the vault warden's attack.
The ironbound convoker barely misses you.
The vault warden hits you with a +0 great mace!
The peacekeeper bites you. The peacekeeper completely misses you.
Unknown command.
You slash the vault warden!
Your +9 spectral lajatang hits the vault warden!
You block the peacekeeper's attack.
The peacekeeper claws you but does no damage.
The ironbound convoker hits you but does no damage.
The vault warden hits you but does no damage.
The vault warden hits you with a +0 great mace!!
A slime creature comes into view.
The yaktaur unwields a +0 arbalest.
The yaktaur closely misses you.
You slash the vault warden!
Your +9 spectral lajatang hits the vault warden.
The peacekeeper closely misses you. You block the peacekeeper's attack.
The vault warden hits you but does no damage.
The ironbound convoker hits you with a +0 great mace!
* * * LOW HITPOINT WARNING * * *
A slime creature comes into view.
The vault warden hits you with a +0 great mace.
* * * LOW HITPOINT WARNING * * *
You closely miss the vault warden.
Your +9 spectral lajatang hits the vault warden!!
The peacekeeper bites you but does no damage.
You block the peacekeeper's attack. You block the yaktaur's attack.
Two slime creatures merge to form a large slime creature.
You block the peacekeeper's attack. x2
The ironbound convoker hits you but does no damage.
The vault warden closely misses you.
You strike the helpless vault warden from behind!
You slash the vault warden!
You kill the vault warden!
A slime creature comes into view.
The yaktaur hits you!
* * * LOW HITPOINT WARNING * * *
The peacekeeper bites you but does no damage.
The peacekeeper barely misses you.
The vault warden activates a sealing rune.
The ironbound convoker hits you with a +0 great mace!!
* * * LOW HITPOINT WARNING * * *
A slime creature comes into view.
There is a large open door, spattered with blood here.
Things that are here:
5 gold pieces; a +0 great mace; a +0 plate armour The peacekeeper hurls a volley of spikes at you.
The volley of spikes misses you.
The vault warden unwields a +1 antimagic great mace.
The vault warden wields a +0 arbalest.
The vault warden shoots a bolt.
The bolt hits you!!
* * * LOW HITPOINT WARNING * * *
The slime creature quivers.
You fade into invisibility!
A large slime creature splits.
The peacekeeper is distracted by your dazzling golden aura.
You block the ironbound convoker's attack.
The vault warden shoots a bolt.
The bolt hits you!
* * * LOW HITPOINT WARNING * * *
The peacekeeper roars!
As you read the scroll of fear, it crumbles to dust.
You assume a fearsome visage.
The slime creature looks frightened! x4
The ironbound convoker easily resists.
The peacekeeper is unaffected.
The vault warden looks frightened!
The yaktaur looks frightened!
The slime creature quivers.
The ironbound convoker points at something and mumbles some strange words.
The slime creature seems to regain its courage.
You open the door.
The vault warden seems to regain its courage.
There is an open door here.
The peacekeeper bites you!!
You die...
Your body crumbles into a pile of gold.

... {##...####...##..#J. ... {
#..........##..#{J .@.
{##.#.≈≈≈≈.#.##..#.## # ...
{#..#.≈≈≈≈.#..#..#.. ..$
##@######..#.≈≈≈≈.#..#..#.###...#
...{....##.#.≈≈≈≈.#.##..'pJ..#$
#...{{..##..........##{.$..c.#
##...>..##.^.####...##..#.$..#
###.....'....[..@9...#{p#........
.#+#....#..###..###p.#..#########
..###...############'#{........
...###..#......................
....###.#......................
.....####......................
......# #......................
#########.................#####
..........................#


You could see an ironbound convoker and a peacekeeper (strong).

Vanquished Creatures
  Frederick (Vaults:2)
  Saint Roka (Orc:2)
  Arachne (Spider:4)
  Asterion (Vaults:1)
  2 krakens
  Polyphemus (Shoals:4)
  A tengu reaver (Vaults:1)
  Agnes (D:14)
  Donald (Vaults:1)
  4 orc warlords
  A frost giant (D:15)
  5 emperor scorpions
  3 vault wardens
  3 ghost moths
  The ghost of Faeu the Tortoise, a journeyman MiFi of Hepliaklqana (Shoals:1)
  A broodmother (Spider:2)
  2 ironbound thunderhulks
  A war gargoyle (Vaults:2)
  2 ironbound preservers
  4 very ugly things
  A stone giant (D:13)
  The ghost of duchin the Summoner, a journeyman GnSu of Gozag (Shoals:1)
  2 dire elephants (D:13)
  4 entropy weavers
  2 spark wasps (Spider:4)
  A crystal guardian (Vaults:1)
  9 merfolk impalers
  Josephine (D:14)
  A fire dragon (Lair:6)
  The ghost of kelmiir the Fighter, a journeyman DrEE of Vehumet (D:9)
  2 merfolk javelineers (Shoals:4)
  A great orb of eyes (Vaults:1)
  A peacekeeper (Vaults:1)
  4 vault guards (D:13)
  13 hydras
  3 jorogumos
  7 boulder beetles
  15 centaur warriors
  4 ironbound frosthearts
  3 catoblepae
  5 merfolk avatars
  2 radroaches (Spider:1)
  3 satyrs
  4 merfolk aquamancers
  2 alligator snapping turtles
  9 two-headed ogres
  4 death yaks (Shoals:3)
  3 tengu warriors
  2 orc high priests (Orc:2)
  Urug (Orc:1)
  A shock serpent (shapeshifter) (Vaults:1)
  3 sun demons (Shoals:4)
  Sonja (D:12)
  5 pharaoh ants
  8 deep trolls
  3 sun moths
  4 skeletal warriors (D:14)
  12 orb spiders
  7 steelbarb worms
  15 sea snakes
  7 lindwurms
  17 harpies
  Pikel (D:5)
  2 wizards (Vaults:1)
  8 ironbound convokers
  11 ugly things
  8 orc knights
  18 wolf spiders
  3 orc sorcerers (Orc:2)
  3 fauns (Shoals:3)
  2 oklob plants (Lair:2)
  2 moths of wrath (Spider:2)
  10 cyclopes
  17 manticores
  9 water nymphs
  The ghost of KamiKatze the Conjurer, a novice OpCj (D:6)
  9 black mambas
  7 merfolk sirens
  2 elephants (Lair:4)
  10 vault sentinels
  3 molten gargoyles (Lair:6)
  Maurice (D:10)
  5 torpor snails
  A gargoyle (D:13)
  22 cane toads
  A rime drake (Lair:2)
  13 komodo dragons
  7 demonic crawlers
  A freezing wraith (D:9)
  An unseen horror (D:13)
  A yaktaur (Vaults:1)
  An efreet (D:15)
  2 trolls
  4 wind drakes
  26 merfolk
  7 meliai
  A polar bear (Lair:6)
  3 hornets (Spider:4)
  28 blink frogs
  23 slime creatures
  21 tarantellas
  7 snapping turtles
  12 dream sheep
  17 culicivoras
  Sigmund (D:3)
  31 jumping spiders
  11 water elementals
  2 shadows
  3 wyverns
  6 wraiths
  52 yaks
  10 basilisks
  Eustachio (D:5)
  52 redbacks
  14 vampire mosquitoes
  2 steam dragons (D:9)
  6 wargs
  A two-headed ogre zombie (D:10)
  14 water moccasins
  An acid dragon (D:10)
  40 orc warriors
  4 hell hounds (Lair:6)
  2 sky beasts (D:6)
  A necrophage (D:4)
  2 black bears
  14 ogres
  9 wolves
  12 centaurs
  3 phantoms
  2 kobold brigands
  19 bullfrogs
  7 scorpions
  2 water moccasin skeletons (D:4)
  22 killer bees
  2 troll zombies (D:10)
  3 howler monkeys
  An electric eel (Lair:6)
  A bullfrog zombie (D:5)
  5 lava snakes (Lair:6)
  3 centaur zombies
  2 hounds
  2 jellies
  28 orc priests
  A centaur skeleton (D:4)
  2 gnoll shamans
  4 iguanas
  27 orc wizards
  Natasha (thrice) (D:3)
  6 hell rats (Lair:5)
  Terence (D:3)
  5 ogre zombies (D:10)
  2 howler monkey zombies
  A howler monkey skeleton (D:5)
  12 adders
  9 gnolls
  3 shadow imps
  3 white imps
  4 worms
  3 dart slugs
  71 orcs
  11 bats
  10 endoplasms
  4 giant cockroaches
  9 goblins
  14 hobgoblins
  5 jackals (D:1)
  33 kobolds
  3 quokkas
  3 ball pythons
  4 frilled lizards
  3 goblin skeletons (D:10)
  5 goblin zombies (D:10)
  A hobgoblin skeleton (D:10)
  5 hobgoblin zombies (D:10)
  2 orc skeletons (D:10)
  9 orc zombies (D:10)
  4 rats
  A tentacle (Shoals:1)
1238 creatures vanquished.

Vanquished Creatures (collateral kills)
  A broodmother (Spider:2)
  An entropy weaver (Vaults:1)
  3 hornets (Spider:4)
  An orc wizard (Orc:1)
  4 orcs (Orc:1)
10 creatures vanquished.

Vanquished Creatures (others)
  A merfolk aquamancer (Shoals:4)
  An orb spider (Spider:4)
  An orc wizard (D:3)
  3 orcs (Orc:2)
  40 fungi
  123 plants
  10 tentacles
  6 withered plants (Shoals:1)
185 creatures vanquished.

Grand Total: 1433 creatures vanquished

Notes
Turn   | Place    | Note
-------+----------+-------------------------------------------
     0 | D:1      | CryoSword the Formicid Fighter began the quest for the Orb.
     0 | D:1      | Reached XP level 1. HP: 18/18 MP: 1/1
   160 | D:1      | Reached XP level 2. HP: 21/24 MP: 2/2
   377 | D:1      | Reached XP level 3. HP: 28/29 MP: 3/3
  1254 | D:2      | Reached XP level 4. HP: 9/37 MP: 4/4
  1945 | D:2      | Found a faded altar of an unknown god.
  2346 | D:3      | Noticed Natasha
  2357 | D:3      | Killed Natasha
  2358 | D:3      | Reached XP level 5. HP: 27/42 MP: 5/5
  2483 | D:3      | Noticed Sigmund
  2767 | D:3      | Killed Sigmund
  2768 | D:3      | Reached skill level 4 in Fighting
  2768 | D:3      | Reached skill level 1 in Dodging
  2768 | D:3      | Reached XP level 6. HP: 44/48 MP: 6/6
  2956 | D:3      | Noticed Natasha
  2998 | D:3      | Killed Natasha
  3165 | D:3      | Noticed Terence
  3169 | D:3      | Killed Terence
  3240 | D:3      | Noticed Natasha
  3246 | D:3      | Killed Natasha
  3287 | D:3      | Reached XP level 7. HP: 41/55 MP: 7/7
  3840 | D:4      | Reached skill level 5 in Shields
  3937 | D:4      | Found Itediywk's Magic Scroll Emporium.
  3957 | D:4      | Bought a scroll of summoning for 133 gold pieces
  3957 | D:4      | Bought a scroll of identify for 28 gold pieces
  3957 | D:4      | Bought a scroll of identify for 28 gold pieces
  4038 | D:4      | Reached skill level 5 in Staves
  4126 | D:4      | Reached skill level 5 in Armour
  4126 | D:4      | Reached XP level 8. HP: 24/61 MP: 8/8
  4532 | D:4      | Reached skill level 5 in Fighting
  4839 | D:5      | Entered Level 5 of the Dungeon
  4924 | D:5      | Noticed Pikel
  4955 | D:5      | Killed Pikel
  4956 | D:5      | Reached XP level 9. HP: 33/69 MP: 9/9
  5369 | D:5      | Reached skill level 6 in Fighting
  5555 | D:5      | Noticed Eustachio
  5556 | D:5      | Found a staircase to the Ecumenical Temple.
  5562 | D:5      | Killed Eustachio
  5585 | Temple   | Entered the Ecumenical Temple
  6006 | D:5      | Found an ornate altar of the Wu Jian Council.
  6183 | D:5      | Found a shimmering blue altar of Sif Muna.
  6782 | Temple   | Became a worshipper of Gozag Ym Sagoz the Greedy
  7410 | D:6      | Found a runed translucent door.
  7410 | D:6      | Noticed KamiKatze's ghost (novice OpCj)
  7430 | D:6      | Reached XP level 10. HP: 68/77 MP: 10/10
  7433 | D:6      | Killed KamiKatze's ghost
  7552 | D:4      | Bought a scroll of enchant armour for 105 gold pieces
  7552 | D:4      | Bought a scroll of amnesia for 49 gold pieces
  7755 | D:7      | Found a hide-covered altar of Uskayaw.
  7764 | D:7      | Reached skill level 7 in Fighting
  7767 | D:7      | Found a sacrificial altar of Ru.
  7843 | D:7      | Reached skill level 1 in Throwing
  7843 | D:7      | Reached skill level 5 in Dodging
  8496 | D:8      | Found a flagged portal.
  8515 | Bailey   | Entered a bailey
  8552 | Bailey   | Noticed an orc warlord
  8679 | Bailey   | Found a runed translucent gate.
  8680 | Bailey   | Found a runed translucent gate.
  8681 | Bailey   | Found a runed translucent gate.
  8892 | Bailey   | Killed an orc warlord
  9017 | D:8      | Reached XP level 11. HP: 85/85 MP: 11/11
  9146 | D:8      | Found a staircase to the Lair.
  9297 | D:8      | Identified the +3 long sword of the Muttering Stoat
                  | {freeze, rN+ rCorr Str-5}
 10144 | D:4      | Bought a scroll of silence for 105 gold pieces
 10144 | D:4      | Bought a scroll of magic mapping for 49 gold pieces
 10144 | D:4      | Bought a scroll of magic mapping for 49 gold pieces
 10388 | D:9      | Reached XP level 12. HP: 88/92 MP: 12/12
 10603 | D:9      | Reached skill level 8 in Fighting
 10990 | D:9      | Found a burning altar of Makhleb.
 11307 | D:9      | Noticed a two-headed ogre
 11314 | D:9      | Killed a two-headed ogre
 11494 | D:9      | Found a runed translucent gate.
 11494 | D:9      | Found a runed translucent gate.
 11494 | D:9      | Found a runed translucent gate.
 11649 | D:9      | Found a glowing golden altar of the Shining One.
 11697 | D:9      | Noticed kelmiir's ghost (journeyman DrEE)
 11750 | D:9      | Found Duenas's Magic Scroll Emporium.
 11760 | D:9      | Bought a scroll of enchant weapon for 97 gold pieces
 11760 | D:9      | Bought a scroll of fear for 45 gold pieces
 11760 | D:9      | Bought a scroll of identify for 26 gold pieces
 11760 | D:9      | Bought a scroll of enchant armour for 97 gold pieces
 12548 | D:9      | Killed kelmiir's ghost
 12678 | D:10     | Entered Level 10 of the Dungeon
 12692 | D:10     | Found a staircase to the Orcish Mines.
 12805 | D:10     | Noticed a two-headed ogre
 12958 | D:10     | Noticed a two-headed ogre
 12963 | D:10     | Killed a two-headed ogre
 13032 | D:10     | Noticed Maurice
 13041 | D:10     | Killed Maurice
 13123 | D:10     | Killed a two-headed ogre
 14385 | D:11     | Reached skill level 9 in Fighting
 14426 | D:11     | Reached XP level 13. HP: 101/101 MP: 13/13
 14429 | D:11     | Reached skill level 5 in Throwing
 14622 | D:12     | Reached skill level 1 in Evocations
 14643 | D:12     | Reached skill level 10 in Shields
 14807 | Lair:1   | Entered Level 1 of the Lair of Beasts
 15009 | Lair:1   | Reached skill level 10 in Fighting
 15447 | Lair:1   | Noticed an eight-headed hydra
 15460 | Lair:1   | Killed an eight-headed hydra
 15639 | Lair:1   | Noticed a six-headed hydra
 15646 | Lair:1   | Killed a six-headed hydra
 16339 | Lair:2   | Found a staircase to the Shoals.
 16610 | Lair:2   | Noticed a four-headed hydra
 16616 | Lair:2   | Killed a four-headed hydra
 16617 | Lair:2   | Reached skill level 11 in Fighting
 16617 | Lair:2   | Reached XP level 14. HP: 108/113 MP: 14/14
 16657 | Lair:2   | Reached skill level 10 in Armour
 16834 | Lair:2   | Found a blossoming altar of Fedhas.
 18053 | Lair:3   | Reached skill level 5 in Evocations
 18393 | Lair:4   | Got the Volume of the Damaging Arsonist
 18713 | Lair:4   | Reached skill level 15 in Staves
 18803 | Lair:4   | Reached skill level 12 in Fighting
 19195 | Lair:4   | Found a hole to the Spider Nest.
 20584 | Lair:6   | Entered Level 6 of the Lair of Beasts
 20832 | Lair:6   | Reached XP level 15. HP: 119/120 MP: 15/15
 21178 | Lair:6   | Found a viscous altar of Jiyva.
 21179 | Lair:6   | Found a staircase to the Slime Pits.
 21683 | Lair:6   | Reached skill level 13 in Fighting
 22678 | Lair:6   | Found a large runed translucent door.
 22679 | Lair:6   | Found a large runed translucent door.
 23225 | Lair:6   | Identified a scroll of acquirement
 23226 | Lair:6   | Acquired the +12 lajatang "Conservator" {pain, rF+++ Int-2
                  | Stlth+}
 23665 | D:12     | Noticed Sonja
 23672 | D:12     | Killed Sonja
 24210 | D:13     | Found a gate to the Vaults.
 24210 | D:13     | Noticed a brown very ugly thing
 24216 | D:13     | Reached skill level 1 in Necromancy
 24233 | D:13     | Killed a brown very ugly thing
 24240 | D:13     | HP: 4/125 [centaur warrior/arrow (17)]
 25251 | D:13     | Noticed a stone giant
 25262 | D:13     | Killed a stone giant
 25662 | D:13     | Reached XP level 16. HP: 110/132 MP: 16/16
 25761 | D:13     | Reached skill level 14 in Fighting
 26175 | D:13     | Identified the amulet "Wamokolu" {Acrobat +Inv rElec rN+
                  | rCorr}
 26817 | D:14     | Noticed Josephine
 27382 | D:14     | Killed Josephine
 27490 | D:14     | Got the Volume of Arcane Weapons
 27508 | D:14     | Reached skill level 5 in Necromancy
 27656 | D:14     | Found Atwoish's General Store.
 27665 | D:14     | Bought a scroll of identify for 30 gold pieces
 27665 | D:14     | Bought 2 potions of lignification for 90 gold pieces
 27665 | D:14     | Bought a wand of iceblast (7) for 165 gold pieces
 27665 | D:14     | Bought a potion of cancellation for 120 gold pieces
 27665 | D:14     | Bought a scroll of identify for 30 gold pieces
 27665 | D:14     | Bought the +2 pair of gloves "Agri Myx" {Dex+4} for 448
                  | gold pieces
 27700 | D:14     | Found a blossoming altar of Fedhas.
 27709 | D:14     | Found a portal to a secret trove of treasure.
 27964 | D:14     | Noticed Agnes
 27965 | D:14     | Found Rruucahu's Retail Resort.
 27968 | D:14     | Killed Agnes
 28083 | D:15     | Entered Level 15 of the Dungeon
 28997 | D:15     | Found a staircase to the Depths.
 28997 | D:15     | Noticed a frost giant
 29002 | D:15     | Killed a frost giant
 29574 | Orc:1    | Entered Level 1 of the Orcish Mines
 29590 | Orc:1    | Found a runed translucent door.
 29597 | Orc:1    | Reached skill level 15 in Fighting
 30140 | Orc:2    | Entered Level 2 of the Orcish Mines
 30140 | Orc:2    | Found a staircase to the Elven Halls.
 30523 | Orc:2    | Found Atzabyuf's Jewellery Emporium.
 30574 | Orc:2    | Found Waoxt's Mass Market.
 30830 | Orc:2    | Reached XP level 17. HP: 118/142 MP: 17/17
 30940 | Orc:2    | Noticed Urug
 30947 | Orc:2    | Noticed Saint Roka
 31176 | Orc:1    | Killed Urug
 31708 | Orc:2    | Killed Saint Roka
 32113 | Orc:2    | Found Hiucer's Jewellery Shoppe.
 32321 | Orc:2    | Bought the ring of the Sturgeon {Wiz rF++ Str+4 Dex-3
                  | Slay+3} for 1038 gold pieces
 32416 | Orc:2    | Found Reuvu Abaxun's Antique Weapon Shoppe.
 32431 | Orc:2    | Found Jubb's Antique Armour Shoppe.
 32446 | Orc:2    | Found Jofur Qai's General Store.
 32454 | Orc:2    | Bought a scroll of enchant weapon for 127 gold pieces
 32454 | Orc:2    | Bought a scroll of fear for 59 gold pieces
 32454 | Orc:2    | Bought a potion of heal wounds for 85 gold pieces
 32837 | Spider:1 | Entered Level 1 of the Spider Nest
 32877 | Spider:1 | Reached skill level 1 in Spellcasting
 34057 | Spider:1 | Reached skill level 16 in Fighting
 35118 | Spider:2 | Identified the +1 plate armour "Roetof" {rPois rC+ Will+}
 35701 | Spider:2 | Reached XP level 18. HP: 153/153 MP: 23/23
 36255 | Spider:3 | Found a transporter.
 36308 | Spider:3 | Found the +2 hat of the Bear Spirit {Spirit, *Rage Will++}
 37091 | Spider:3 | Found a transporter.
 37096 | Spider:3 | Noticed Mitsuki's ghost (adept DECj)
 37192 | Spider:3 | Learned a level 4 spell: Dispel Undead
 37260 | Spider:4 | Entered Level 4 of the Spider Nest
 37418 | Spider:4 | Reached skill level 10 in Necromancy
 37985 | Spider:4 | Noticed Arachne
 38040 | Spider:4 | Killed Arachne
 38041 | Spider:4 | Reached skill level 17 in Fighting
 39435 | Spider:4 | Identified the +2 hat "Asukuv" {Str+6}
 39462 | Spider:4 | Got a gossamer rune of Zot
 39678 | Shoals:1 | Entered Level 1 of the Shoals
 39859 | Shoals:1 | Found a runed translucent gate.
 39860 | Shoals:1 | Found a runed translucent gate.
 39861 | Shoals:1 | Found a runed translucent gate.
 39867 | Shoals:1 | Noticed duchin's ghost (journeyman GnSu)
 39867 | Shoals:1 | Noticed Faeu's ghost (journeyman MiFi)
 39933 | Shoals:1 | Noticed a kraken
 39955 | Shoals:1 | Killed a kraken
 40848 | Shoals:1 | Killed Faeu's ghost
 40853 | Shoals:1 | Killed duchin's ghost
 41688 | Shoals:2 | Reached XP level 19. HP: 82/161 MP: 26/26
 42138 | Shoals:2 | Found a runed translucent door.
 42138 | Shoals:2 | Found a shimmering altar of Xom.
 42138 | Shoals:2 | Noticed Zipteul's ghost (adept NaBe)
 42138 | Shoals:2 | Identified the +7 demon whip of War {chaos, Fly rF+ Will+}
 44039 | Shoals:4 | Entered Level 4 of the Shoals
 44039 | Shoals:4 | Found Mapijid's Jewellery Emporium.
 44153 | Shoals:4 | Noticed Polyphemus
 44271 | Shoals:3 | Reached skill level 18 in Fighting
 44438 | Shoals:4 | Found Sinliek's Antique Weapon Shoppe.
 44624 | Shoals:4 | Found Uluv's Book Shoppe.
 44793 | Shoals:4 | Found Plog's Assorted Antiques.
 44802 | Shoals:4 | Bought a short iron wand for 128 gold pieces
 44802 | Shoals:4 | Bought a potion of might for 128 gold pieces
 44802 | Shoals:4 | Bought a wand of iceblast (1) for 128 gold pieces
 45089 | Shoals:4 | Killed Polyphemus
 45389 | Shoals:4 | Identified the +1 kite shield of Classification {Int+7
                  | Dex+4 SInv}
 45736 | Shoals:4 | Noticed Mara
 45769 | Shoals:4 | Noticed CryoSword's illusion
 45937 | Shoals:4 | Noticed CryoSword's illusion
 45995 | Shoals:3 | Bought a shimmering chain mail for 408 gold pieces
 45995 | Shoals:3 | Identified the +1 chain mail of the Cicada {rPois rN+ Dex+2
                  | Stlth-} (You bought it in a shop on level 3 of the Shoals)
 45995 | Shoals:3 | Bought a pair of faintly glowing boots for 408 gold pieces
 45995 | Shoals:3 | Identified the +1 pair of boots of Geunucs {Dex+2} (You
                  | bought it in a shop on level 3 of the Shoals)
 46527 | Orc:2    | Bought a distressingly furry chain mail for 180 gold pieces
 46527 | Orc:2    | Identified the +6 chain mail of Lifelessness {Int+4} (You
                  | bought it in a shop on level 2 of the Orcish Mines)
 46545 | Orc:2    | Bought the ring "Coum" {rPois Str-4 Dex+6 Slay+3} for 657
                  | gold pieces
 47334 | Shoals:4 | Got a barnacled rune of Zot
 47652 | Shoals:4 | Found Sueb's Distillery.
 47665 | Shoals:4 | Bought a potion of curing for 54 gold pieces
 47665 | Shoals:4 | Bought a potion of might for 72 gold pieces
 47665 | Shoals:4 | Bought a potion of ambrosia for 144 gold pieces
 47665 | Shoals:4 | Bought a potion of curing for 54 gold pieces
 47665 | Shoals:4 | Bought a potion of heal wounds for 90 gold pieces
 47922 | Shoals:4 | Reached XP level 20. HP: 172/172 MP: 27/27
 48225 | Vaults:1 | Entered Level 1 of the Vaults
 48234 | Vaults:1 | Noticed Asterion
 48245 | Vaults:1 | Killed Asterion
 48246 | Vaults:1 | Reached skill level 10 in Throwing
 50164 | Vaults:1 | HP: 5/172 [deep troll[an ironbound preserver] (23)]
 50603 | Vaults:1 | Found Hikah's Distillery.
 50608 | Vaults:1 | Bought a potion of curing for 60 gold pieces
 50608 | Vaults:1 | Bought a potion of curing for 60 gold pieces
 50608 | Vaults:1 | Bought a potion of curing for 60 gold pieces
 50608 | Vaults:1 | Bought a potion of invisibility for 160 gold pieces
 50637 | Vaults:1 | Reached skill level 19 in Fighting
 50925 | Vaults:1 | Reached skill level 15 in Armour
 51279 | Vaults:1 | Noticed Donald
 51287 | Vaults:1 | Killed Donald
 51999 | Vaults:1 | Bought a bloodstained plate armour for 672 gold pieces
 51999 | Vaults:1 | Identified the +0 plate armour "Pevarph" {Dex+5} (You
                  | bought it in a shop on level 1 of the Vaults)
 51999 | Vaults:1 | Bought a warped chain mail for 228 gold pieces
 51999 | Vaults:1 | Identified the +0 chain mail of Free Expression {Harm *Slow
                  | rPois} (You bought it in a shop on level 1 of the Vaults)
 52387 | Vaults:2 | Noticed Frederick
 52472 | Vaults:2 | Killed Frederick
 52723 | Vaults:2 | Slain by a peacekeeper

Illustrated notes

Levels and vault maps discovered:
D:1:      dpeg_arrival_another_circle, layout_basic, item_on_display_a
D:2:      layout_basic, shapermc_ecumenical_altar_totnotflames
D:3:      layout_loops_ring, uniq_natasha, uniq_sigmund, uniq_terence
D:4:      layout_rooms, nicolae_stop_n_shop_1
D:5:      layout_cave_pools, nicolae_sif_muna_little_library,
          nzn_wu_jian_council_hall, minmay_temple_entry_waves, serial_rivers,
          chequers_serial_rivers_large_b, chequers_serial_rivers_micro_d,
          chequers_serial_rivers_small_b, chequers_serial_rivers_micro_b,
          chequers_serial_rivers_small_b, chequers_serial_rivers_small_3,
          chequers_serial_rivers_micro_a, uniq_eustachio, uniq_pikel
D:6:      layout_basic, ebering_ghost_sewer_d
D:7:      layout_loops_cross, mainiacjoe_overflow_catwalk_spiral,
          roderic_st_hans_cross
D:8:      layout_basic, lair_entry_dummy, enter_bailey_4
D:9:      layout_layer_cave, tso_altar, bloody_makhleb, serial_shops,
          nicolae_shop_trees, ebering_ghost_rock_garden
D:10:     layout_roguey, zombieorc2_lemuel, uniq_maurice
D:11:     layout_irregular_city
D:12:     layout_rooms, serial_curves, eino_curves_04, eino_curves_02,
          eino_curves_01, eino_curves_02, uniq_sonja
D:13:     cheibrodos_monumental, layout_irregular_city,
          lightli_vaults_fourway_checkpoint, gauntlet_entry_generic,
          minmay_misc_feat_enclosed, serial_park_tiny_2,
          kennysheep_windowed_goal
D:14:     layout_rooms, fedhas_altar_fruit_tree,
          nicolae_trove_entry_free_sample, serial_shops, shop_fountains,
          nicolae_alphabet_shops, uniq_josephine, uniq_agnes
D:15:     grunt_enter_depths_snipers, layout_basic,
          hangedman_abyss_or_decor_stabs, feat_on_display
Temple:   minmay_temple_bridge_d
Lair:1:   layout_regular_city, grunt_forest_stairs_basic, pond,
          grunt_megastairs_4, lemuel_fruit_fields
Lair:2:   layout_regular_city, minmay_shoals_entry_beasts, st_stairs_12,
          hangedman_tree_tricks
Lair:3:   layout_chaotic_city, hangedman_lair_generics_rect
Lair:4:   layout_misc_corridors, nicolae_spider_entry_non_spiders,
          beast_lair_carwin_4
Lair:5:   layout_roguey, serial_rivers, chequers_serial_rivers_micro_b,
          chequers_serial_rivers_small_3, chequers_serial_rivers_large_a,
          chequers_serial_rivers_marsh, chequers_serial_rivers_micro_a
Lair:6:   cheibrodos_lair_end_hotspot, layout_layer_cave,
          dpeg_slime_entry_enclosed_altar, st_stairs_10,
          infiniplex_staircase_pool, serial_bayou_shore_a
Shoals:1: layout_shoals, gammafunk_ghost_cemetery
Shoals:2: layout_shoals, ebering_ghost_xom
Shoals:3: layout_shoals
Shoals:4: shoals_end_simple, layout_shoals, serial_shops, shop_statue,
          nicolae_shop_stone, nicolae_shop_window_shopping, shop, shop,
          nicolae_shoals_sun_and_surf, uniq_mara, uniq_polyphemus
Spider:1: layout_spider_delve
Spider:2: nicolae_spider_hilbert_zone_2 [nicolae_spider_hilbert_4_sides_1_open,
          nicolae_spider_hilbert_4_sides_1_open,
          nicolae_spider_hilbert_4_sides_1_open,
          nicolae_spider_hilbert_4_sides_1_open,
          nicolae_spider_hilbert_6_sides_1_open,
          nicolae_spider_hilbert_6_sides_1_open,
          nicolae_spider_hilbert_3_sides_1_open,
          nicolae_spider_hilbert_3_sides_1_open,
          nicolae_spider_hilbert_3_sides_1_open,
          nicolae_spider_hilbert_3_sides_1_open,
          nicolae_spider_hilbert_6_sides_1_open,
          nicolae_spider_hilbert_6_sides_1_open,
          nicolae_spider_hilbert_6_sides_1_open,
          nicolae_spider_hilbert_6_sides_1_open]
Spider:3: layout_spider_delve, gammafunk_ghost_arena
Spider:4: spider_rune_water, drop_trap, uniq_arachne
Orc:1:    layout_caves, nicolae_orc_bridge_out, lightli_church_of_beogh
Orc:2:    grunt_orc_cross, layout_caves, minmay_shop_mass,
          minmay_shop_enchanted_jewellery
Vaults:1: vaults_standard_mumra_lines, ontoclasm_vaults_ring_small,
          nicolae_vaults_ninety_degrees, ontoclasm_vaults_decontamination,
          nicolae_vaults_network_quincunx
          [nicolae_vaults_network_quincunx_subvault,
          nicolae_vaults_network_quincunx_subvault,
          nicolae_vaults_network_quincunx_subvault,
          nicolae_vaults_network_quincunx_subvault,
          nicolae_vaults_network_quincunx_subvault], dpeg_vaults_monster_box,
          ontoclasm_vaults_pinch, st_spiral_rooms, v_pattern_1,
          nicolae_vaults_shelves_hall, hangedman_vaults_snaps,
          vaults_dpeg_diagonal, layout_vaults_omnicross, serial_shops, shop,
          uniq_asterion, uniq_donald, uniq_saint_roka
Vaults:2: vaults_room_ringed_pool, grunt_vaults_diagonal,
          nicolae_vaults_what_the_h, blue_anna_dwarven_crypt, v_misc_22,
          nicolae_vaults_border_crossing, nicolae_vaults_network_barrier,
          layout_vaults_omnigrid, serial_shops, shop_fountains, uniq_frederick

Skill      XL: |  1  2  3  4  5  6  7  8  9 10 11 12 13 14 15 16 17 18 19 20 |
---------------+-------------------------------------------------------------+-----
Shields        | 4 5 6 7 8 9 10 11 12 13 | 13.6
Staves         | 3 4 5 6 7 13 14 15 16 17 | 17.8
Fighting       | 4 5 6 7 9 11 12 13 15 16 17 18 19 | 19.4
Armour         | 4 5 6 7 8 9 10 11 12 13 14 15 | 15.2
Dodging        | 1 2 3 4 5 |  5.0
Throwing       | 2 4 6 7 8 9 10 | 10.6
Evocations     | 4 6 7 8 |  8.5
Necromancy     | 3 6 9 11 12 13 | 13.6
Spellcasting   | 3 4 |  4.7

Action                   |  1- 3 |  4- 6 |  7- 9 | 10-12 | 13-15 | 16-18 | 19-21 || total
-------------------------+-------+-------+-------+-------+-------+-------+-------++-------
Melee: Quarterstaff      |    90 |    94 |   248 |   257 |    56 |       |       ||   745
       Lajatang          |       |       |       |   126 |   512 |  1124 |   614 ||  2376
Throw: Dart              |       |       |       |     8 |       |     1 |       ||     9
       Boomerang         |       |       |       |       |       |     7 |    11 ||    18
       Javelin           |       |       |       |       |       |     4 |     6 ||    10
Invok: Potion Petition   |       |       |       |       |       |     3 |       ||     3
       Call Merchant     |       |       |       |       |       |       |     2 ||     2
 Abil: Dig               |       |       |       |       |     1 |     2 |       ||     3
Evoke: Wand              |       |       |       |       |     3 |     8 |     1 ||    12
       Phantom mirror    |       |       |       |       |     1 |     3 |     1 ||     5
       Box of beasts     |       |       |       |       |       |     2 |     1 ||     3
       Condenser vane    |       |       |       |       |       |     2 |     1 ||     3
       Tin of tremorston |       |       |       |       |       |       |     2 ||     2
  Use: Scroll            |     5 |       |     1 |    13 |    12 |     2 |     7 ||    40
       Potion            |       |     2 |     1 |     3 |       |    18 |     4 ||    28
 Stab: Distracted        |       |       |     1 |     3 |    14 |    10 |    21 ||    49
       Invisible         |       |       |       |     1 |       |    12 |       ||    13
Armor: Scale mail        |    30 |    30 |    22 |       |       |       |       ||    82
       Chain mail        |       |       |   134 |   166 |       |       |       ||   300
       Plate armour      |       |       |       |    18 |   195 |   532 |   193 ||   938
Dodge: Dodged            |    40 |    33 |   104 |   139 |   150 |   361 |   126 ||   953
Block: Buckler           |    24 |    10 |    52 |    92 |     5 |       |       ||   183
       Kite shield       |       |       |       |       |   211 |   842 |   427 ||  1480
       Reflection        |       |       |       |       |       |    11 |    38 ||    49
